 Dungeon Crawl Stone Soup version 0.29-a0-923-g6e406bff71 (webtiles) character file.

Game seed: 16373187770197249796

42 porpoise the Poker (level 3, -6/28 HPs)
             Began as a Demonspawn Gladiator on July 28, 2022.
             Mangled by a gnoll
             ... wielding a +0 halberd
              (11 damage)
             ... on level 2 of the Dungeon.
             The game lasted 00:05:07 (1218 turns).

porpoise the Poker (Demonspawn Gladiator)           Turns: 1218, Time: 00:05:08

Health: -6/28      AC:  4    Str: 16    XL:     3   Next: 35%
Magic:  3/3        EV: 12    Int:  9    God:
Gold:   56         SH:  3    Dex: 16    Spells: 2/2 levels left

rFire   . . .      SeeInvis .   a - +0 trident
rCold   . . .      Faith    .   k - +0 buckler
rNeg    + . .      Spirit   .   b - +0 leather armour
rPois   .          Reflect  .   c - +0 helmet
rElec   .          Harm     .   (no cloak)
rCorr   .          Rampage  .   (no gloves)
Will    .....                   (no boots)
Stlth   ++........              (no amulet)
HPRegen 0.09/turn               g - +4 ring of slaying
MPRegen 0.08/turn               r - ring of positive energy

@: no status effects
A: thin skeletal structure 1, weakness stinger 1
a: no special abilities


You were on level 2 of the Dungeon.
You visited 1 branch of the dungeon, and saw 2 of its levels.

You collected 56 gold pieces.

Inventory:

Hand Weapons
 a - a +0 trident (weapon)
Missiles
 d - 3 throwing nets (quivered)
 e - a javelin
 l - 4 silver javelins
 p - 4 poisoned darts
Armour
 b - a +0 leather armour (worn)
 c - a +0 helmet (worn)
 k - a +0 buckler (worn)
Jewellery
 f - a ring of flight
 g - a +4 ring of slaying (left hand)
 r - a ring of positive energy (right hand)
Scrolls
 i - a scroll of immolation {unknown}
 j - 2 scrolls of torment {unknown}
 m - 2 scrolls of blinking {unknown}
 o - a scroll of poison {unknown}
 q - 3 scrolls of identify {unknown}
 s - a scroll of teleportation {unknown}
Potions
 h - a potion of flight {unknown}
 n - a potion of invisibility {unknown}
 t - a potion of haste {unknown}
 u - a potion of heal wounds {unknown}
 v - a potion of brilliance {unknown}


   Skills:
 + Level 2.7 Fighting
 * Level 3.6 Polearms
 - Level 1.7 Throwing
 - Level 2.6 Dodging


You had 2 spell levels left.
You didn't know any spells.
Your spell library was empty.

Dungeon Overview and Level Annotations

Branches:
Dungeon (2/15)

Altars:

Shops:
D:2 [


Innate Abilities, Weirdness & Mutations

You have a somewhat thin skeletal structure. (Dex +2, Stealth+)
You have a small tail.


Message History

You reach to attack!
You hit the worm.
The worm is heavily wounded.
You puncture the worm!
You kill the worm!
No target in view!
You start waiting.
Done waiting.
Found a stone staircase leading down.
Found 16 gold pieces.
Found a leather armour and a chain mail.
Found a scroll labelled FAASMO OTESO.
Found 14 gold pieces.
You now have 56 gold pieces (gained 11).
m - 2 scrolls labelled FAASMO OTESO (gained 1)
The gnoll shouts!
You hear a shout!
A gnoll comes into view. It is wielding a +0 spear.
You reach to attack!
You barely miss the gnoll.
The gnoll hits you from afar with a +0 halberd!
You reach to attack!
You hit the gnoll.
The gnoll is moderately wounded.
The gnoll hits you from afar with a +0 halberd!
* * * LOW HITPOINT WARNING * * *
You are too injured to fight recklessly!
You are too injured to fight recklessly!
Reach: a) +0 trident
Press: ? - help, Dir - move target, f/p - gnoll
Aim: a gnoll, wielding a +0 halberd (moderately wounded, about 31% to evade your +0 trident)
You reach to attack!
You barely miss the gnoll.
The gnoll is moderately wounded.
The gnoll barely misses you.
Reach: a) +0 trident
Press: ? - help, Dir - move target, f/p - gnoll
Aim: a gnoll, wielding a +0 halberd (moderately wounded, about 31% to evade your +0 trident)
You reach to attack!
You hit the gnoll.
The gnoll is heavily wounded.
You block the gnoll's attack.
The gnoll hits you from afar with a +0 spear.
* * * LOW HITPOINT WARNING * * *
The gnoll hits you from afar with a +0 halberd!
You die...

####### #.. .#..# #. #.. #.....#
#.###[#..#...#.. #.. #.....#
#.$.............##.. #.....#
##$.##.....##.....#..
####.....###..##.>............#.
.......#.g.[....................
....#.........gg................
g.......####..#.................
..!...>###...##@................
.......(...####.................
.###...##### #............)....
#..$..#.†...# ##..............##
####. ##....#####.....#......###
#.. ###†...........#......# .w .
##..##........###)#.### .# ..#
##....######.###.....#
#...###.#...........<...#..


You could see 2 gnolls.

Vanquished Creatures
  An adder (D:2)
  A worm (D:2)
  2 dart slugs (D:1)
  2 endoplasms (D:2)
  A giant cockroach (D:2)
  2 goblins (D:2)
  3 hobgoblins
  3 kobolds
  2 ball pythons (D:1)
  5 bats
  4 rats
26 creatures vanquished.

Notes
Turn   | Place    | Note
-------+----------+-------------------------------------------
     0 | D:1      | porpoise the Demonspawn Gladiator began the quest for the
                  | Orb.
     0 | D:1      | Reached XP level 1. HP: 16/16 MP: 1/1
   164 | D:1      | Reached skill level 3 in Polearms
   356 | D:1      | Gained mutation: You have a small tail. [demonic ancestry]
   356 | D:1      | Reached XP level 2. HP: 22/22 MP: 2/2
   854 | D:2      | Gained mutation: You have a somewhat thin skeletal
                  | structure. (Dex +2, Stealth+) [demonic ancestry]
   854 | D:2      | Reached XP level 3. HP: 24/28 MP: 3/3
   917 | D:2      | Found Urakuos's Antique Armour Shop.
  1218 | D:2      | Mangled by a gnoll

Illustrated notes

Levels and vault maps discovered:
D:1:      dpeg_arrival_erosion, layout_loops_ring
D:2:      layout_rooms, hellmonk_ecumenical_altar_lost_god, serial_shops,
          nicolae_square_shop, uniq_crazy_yiuf_cottage

Skill      XL: |  1 |
---------------+----+-----
Polearms       | 3 |  3.6
Fighting       | |  2.7
Throwing       | |  1.7
Dodging        | |  2.6

Action                   || total
-------------------------++-------
Melee: Trident           ||    63
       Tailslap          ||     2
       Punch             ||     1
 Stab: Sleeping          ||     3
Armor: Leather armour    ||    10
Dodge: Dodged            ||    25
Block: Buckler           ||     2

Table legend: (Time is in decaauts)
 A = Elapsed time spent in this place.
 B = Non-inter-level travel time spent in this place.
 C = Inter-level travel time spent in this place.
 D = Time resting spent in this place.
 E = Time spent auto-exploring this place.
 F = Levels seen in this place.
 G = Mean time per level.
                   A        B        C        D        E       F      G
               +--------+--------+--------+--------+--------+-----+--------+
         Total |   1223 |   1198 |     25 |    179 |    759 |   2 |  611.5 |
       Dungeon |   1223 |   1198 |     25 |    179 |    759 |   2 |  611.5 |
               +--------+--------+--------+--------+--------+-----+--------+

Top non-repeatable levels by time:
     D:1: 743 daAuts
     D:2: 479 daAuts
